 Dungeon Crawl Stone Soup version 0.17.1-1-g73c8601 (webtiles) character file.

210 Flanowski the Sneak (level 5, -1/27 HPs)
             Began as a Vine Stalker Assassin on Dec 31, 2015.
             Slain by Duvessa
             ... wielding a +0 short sword
              (6 damage)
             ... on level 4 of the Dungeon.
             The game lasted 00:06:05 (2242 turns).

Flanowski the Sneak (Vine Stalker Assassin)         Turns: 2242, Time: 00:06:05

Health: -1/27      AC:  6    Str: 13    XL:     5   Next: 87%
Magic:  0/6        EV:  8    Int: 11    God:
Gold:   151        SH:  0    Dex: 17    Spells: 0 memorised, 4 levels left

rFire  . . .     SeeInvis .     a - +2 dagger
rCold  . . .     Clarity  .     c - +0 robe
rNeg   . . .     SustAt   .     (no shield)
rPois  .         Gourm    .     x - +2 helmet
rElec  .         Spirit   +     d - +0 cloak
rCorr  .         Warding  .     (no gloves)
rMut   .         Stasis   .     (no boots)
MR     +....                    (no amulet)
Stlth  ++++......               (no ring)
                                w - ring of protection from magic

@: somewhat resistant to hostile enchantments, stealthy
A: fangs 2, regeneration 1, magic shield, antimagic bite, no device heal 3, rot
immunity
a: no special abilities


You were on level 4 of the Dungeon.
You were not hungry.

You visited 1 branch of the dungeon, and saw 4 of its levels.

You collected 151 gold pieces.

Inventory:

Hand Weapons
 a - a +2 dagger (weapon)
 b - a +0 blowgun
Missiles
 e - 8 poisoned needles
 f - 2 curare-tipped needles
Armour
 c - a +0 robe (worn)
 d - a +0 cloak (worn)
 x - a +2 helmet (worn)
Jewellery
 w - a ring of protection from magic (left hand)
 y - a +1 ring of evasion {unknown}
Scrolls
 h - 4 scrolls of remove curse {unknown}
 i - a scroll of teleportation {unknown}
 j - 3 scrolls of identify {unknown}
 l - 2 scrolls of random uselessness {unknown}
 m - 2 scrolls of magic mapping {unknown}
 o - 2 scrolls of fog {unknown}
 r - 2 scrolls of enchant armour {unknown}
 s - a scroll of fear {unknown}
Potions
 k - 3 potions of curing {unknown}
 n - a potion of degeneration {unknown}
 q - a potion of magic {unknown}
 t - 2 potions of mutation {unknown}
 u - a potion of flight {unknown}
 v - 2 potions of lignification {unknown}
Comestibles
 g - 4 bread rations
 p - 2 beef jerkies
 z - 2 chunks of flesh


   Skills:
 + Level 2.5 Fighting
 + Level 2.4 Short Blades
 + Level 1.8 Throwing
 + Level 2.4 Dodging
 + Level 6.8 Stealth


You had 4 spell levels left.
You didn't know any spells.

Dungeon Overview and Level Annotations

Branches:
Dungeon (4/15)
 Temple: D:4-7

Altars:
Makhleb
Qazlal
Sif Muna
Zin

Annotations:
D:4 Dowan, Duvessa


Innate Abilities, Weirdness & Mutations

You have extremely sharp teeth.
Your natural rate of healing is unusually fast.
When hurt, damage is shared between your health and your magic reserves.
Your bite disrupts and absorbs the magic of your enemies.
Potions and wands cannot restore your health.
You are immune to rotting.


Message History

Duvessa is lightly wounded.
Duvessa zaps a wand.
The puff of flame hits you!
You hit Duvessa. You bite Duvessa. You drain her power.
You feel invigorated.
Duvessa is moderately wounded.
Duvessa hits you but does no damage.
You hit Duvessa.
Duvessa is moderately wounded.
Duvessa zaps a wand.
The puff of flame hits you!
You hit Duvessa. Your bite misses Duvessa.
Duvessa is heavily wounded.
Duvessa hits you with a short sword.
You hit Duvessa. Your bite misses Duvessa.
Duvessa is heavily wounded.
Duvessa completely misses you.
You hit Duvessa. You bite Duvessa. You drain her power.
You feel invigorated.
Duvessa is severely wounded.
Duvessa hits you with a short sword!
* * * LOW HITPOINT WARNING * * *
Duvessa hits you with a short sword!
You die...

##### #...#
####...# .
#......###..
#...........
#...........
###.........#.
#.............
#...e@)......#
#...#...##...#
#####...# ..#
#....# #
#....# ..
#####....# ...
#........#....
#.............
#...........#.


You could see Duvessa.

Vanquished Creatures
  The ghost of Flanowski the Sneak, a weakling VSAs (D:3)
  Crazy Yiuf (D:2)
  A worker ant (D:3)
  Robin (D:2)
  2 adders
  A worm (D:2)
  2 giant geckos
  5 orcs
  5 giant cockroaches
  6 hobgoblins
  2 ball pythons
  7 bats
  3 giant newts (D:1)
  20 goblins
  13 jackals
  6 kobolds
  11 rats
87 creatures vanquished.

Notes
Turn   | Place    | Note
--------------------------------------------------------------
     0 | D:1      | Flanowski the Vine Stalker Assassin began the quest for the Orb.
     0 | D:1      | Reached XP level 1. HP: 11/11 MP: 2/2
    20 | D:1      | Reached skill level 5 in Stealth
    29 | D:1      | Reached XP level 2. HP: 13/15 MP: 1/3
   139 | D:1      | Reached skill level 1 in Dodging
   193 | D:1      | Reached XP level 3. HP: 16/18 MP: 4/4
   848 | D:2      | Found a burning altar of Makhleb.
   892 | D:2      | Noticed Crazy Yiuf
   898 | D:2      | Killed Crazy Yiuf
   898 | D:2      | Reached skill level 6 in Stealth
   898 | D:2      | Reached XP level 4. HP: 23/23 MP: 5/5
  1111 | D:2      | Noticed Robin
  1164 | D:2      | Killed Robin
  1197 | D:2      | Reached XP level 5. HP: 27/27 MP: 6/6
  1335 | D:2      | Found a glowing silver altar of Zin.
  1461 | D:3      | Found a deep blue altar of Sif Muna.
  1558 | D:3      | Noticed Flanowski's ghost (weakling VSAs)
  1587 | D:3      | Killed Flanowski's ghost
  1617 | D:3      | Found a stormy altar of Qazlal.
  2128 | D:4      | Noticed Dowan
  2144 | D:4      | Noticed Duvessa
  2242 | D:4      | Slain by Duvessa

Action                   |  1- 3 |  4- 6 || total
-------------------------+-------+-------++-------
Melee: Dagger            |    96 |   149 ||   245
 Stab: Sleeping          |    14 |     4 ||    18
       Distracted        |     1 |       ||     1
  Eat: Chunk             |       |     4 ||     4
       Fruit             |       |     1 ||     1
